 Dungeon Crawl Stone Soup version 0.12.2-7-g64ef654 (webtiles) character file.

74 Ogdradenian the Firebug (level 3, -4/21 HPs)
             Began as an Octopode Fire Elementalist on June 20, 2013.
             Was an Initiate of Vehumet.
             Killed from afar by an orc wizard (11 damage)
             ... with a puff of frost
             ... on Level 3 of the Dungeon.
             The game lasted 00:21:52 (1498 turns).

Ogdradenian the Firebug (OpFE)                      Turns: 1498, Time: 00:21:54

HP  -4/21        AC  1     Str  7      XL: 3   Next: 66%
MP   0/6         EV 12     Int 18      God: Vehumet [......]
Gold 28          SH  0     Dex 12      Spells:  3 memorised,  0 levels left

Res.Fire  : . . .   See Invis. : .   (no weapon)
Res.Cold  : . . .   Warding    : .   (no shield)
Life Prot.: . . .   Conserve   : .   (helmet restricted)
Res.Poison: .       Res.Corr.  : .   (no amulet)
Res.Elec. : .       Clarity    : .   (no ring)
Sust.Abil.: . .     Spirit.Shd : .   (no ring)
Res.Mut.  : .       Stasis     : .   (no ring)
Res.Rott. : .       Ctrl.Telep.: .   (no ring)
Saprovore : . . .   Flight     : .   (no ring)
                                     (no ring)
                                     (no ring)
                                     (no ring)

@: not resistant to hostile enchantments, quite stealthy
A: almost no armour, amphibious, 8 rings, constrict 8, camouflage 1, AC +1
a: Renounce Religion


You were on level 3 of the Dungeon.
You worshipped Vehumet.
Vehumet was pleased with you.
You were not hungry.

You visited 2 branches of the dungeon, and saw 5 of its levels.

You collected 8 gold pieces.

Inventory:

Comestibles
 c - 3 bread rations
 f - a pear
 h - an apple
 i - a choko
Scrolls
 a - a scroll of curse armour {unknown}
 d - 2 scrolls of remove curse {unknown}
 g - 2 scrolls of enchant armour {unknown}
 k - 4 scrolls of identify {unknown}
 l - a scroll of amnesia {unknown}
 m - a scroll of noise {unknown}
 n - a scroll of blinking {unknown}
 p - a scroll of teleportation {unknown}
 q - a scroll of recharging {unknown}
Potions
 e - 4 potions of curing {unknown}
 j - a potion of flight {unknown}
 o - a potion of berserk rage {unknown}
 r - a potion of heal wounds {unknown}
Books
 b - a book of Flames

   Spells                             Type                      Level
   *Flame Tongue                      Conjuration/Fire             1
   *Throw Flame                       Conjuration/Fire             2
   *Conjure Flame                     Conjuration/Fire             3
   Inner Flame                        Hexes/Fire                   3
   Sticky Flame                       Conjuration/Fire             4
   Fireball                           Conjuration/Fire             5


   Skills:
 - Level 2.0 Dodging
 - Level 2.6 Stealth
 + Level 2.3 Spellcasting
 + Level 2.3 Conjurations
 - Level 3.0 Fire Magic


You couldn't memorise any spells.
You knew the following spells:

 Your Spells              Type           Power        Failure   Level  Hunger
a - Flame Tongue          Conj/Fire      ###...       8%          1    #......
b - Throw Flame           Conj/Fire      ###....      12%         2    ##.....
c - Conjure Flame         Conj/Fire      ###......    21%         3    ###....


Dungeon Overview and Level Annotations

Branches:
Dungeon (4/27)             Temple (1/1) D:4

Altars:
Ashenzari
Cheibriados
Elyvilon
Fedhas
Makhleb
Sif Muna
Vehumet


Innate Abilities, Weirdness & Mutations

You cannot wear most types of armour.
You are amphibious.
You can wear up to eight rings at the same time.
You can use your tentacles to constrict many enemies at once.
Your skin changes colour to match your surroundings (Stlth).
Your rubbery body absorbs attacks (AC +1).


Message History

You completely miss the orc wizard.
The orc wizard is lightly wounded.
You constrict the orc wizard, but do no damage.
The orc wizard becomes somewhat translucent.
Casting: Flame Tongue
Confirm with . or Enter, or press ? or * to list all spells.
Aiming: Flame Tongue
Press: ? - help, Shift-Dir - straight line, f/p - orc wizard
Aim: an orc wizard, wielding an orcish dagger and wearing an orcish robe (lightly wounded, constricted by you)
The flame hits the orc wizard.
The orc wizard is lightly wounded.
You constrict the orc wizard, but do no damage.
The orc wizard closely misses you.
You hit the orc wizard but do no damage.
The orc wizard is lightly wounded.
You constrict the orc wizard.
The orc wizard gestures at you while chanting.
The puff of frost hits you!
Ouch! That really hurt!
You die...

...< ...... ......
####......
#..........### ##
#...........g...
#..###...###.#.
##o# #.%.# #..
#@###...###.######
#.....%.....%)....
#...........#)####
#...........#.#
#.###...###.#.#
#.# #...# #...#
#.###...###.#.#
#...........#.#
####..........#


You could see an orc wizard.

Vanquished Creatures
  A worm (D:2)
  A giant gecko (D:3)
  3 orcs (D:3)
  A ball python (D:3)
  3 bats
  6 goblins
  5 hobgoblins
  3 kobolds
  4 giant cockroaches
  2 giant newts
  A quokka (D:4)
  3 rats
33 creatures vanquished.

Vanquished Creatures (others)
  A goblin (D:1)
  A kobold (D:2)
2 creatures vanquished.

Grand Total: 35 creatures vanquished

Notes
Turn   | Place    | Note
--------------------------------------------------------------
     0 | D:1      | Ogdradenian, the Octopode Fire Elementalist, began the quest for the Orb.
     0 | D:1      | Reached XP level 1. HP: 11/11 MP: 3/3
   329 | D:2      | Reached XP level 2. HP: 4/17 MP: 0/4
   595 | D:2      | Learned a level 2 spell: Throw Flame
   818 | D:4      | Found a staircase to the Ecumenical Temple.
   830 | Temple   | Entered the Ecumenical Temple
   912 | Temple   | Became a worshipper of Vehumet
  1012 | D:3      | Reached XP level 3. HP: 21/21 MP: 1/6
  1037 | D:3      | Found a blossoming altar of Fedhas.
  1189 | D:3      | Learned a level 3 spell: Conjure Flame
  1498 | D:3      | Killed from afar by an orc wizard

Action                   || total
-------------------------++-------
Melee: Unarmed           ||    36
 Cast: Flame Tongue      ||    46
       Throw Flame       ||     6
       Conjure Flame     ||     2
